 Dungeon Crawl Stone Soup version 0.28-a0-1038-g9c4cb8273d (webtiles) character file.

Game seed: 9253143307033274040

32 ytrimaz the Skirmisher (level 3, -4/33 HPs)
             Began as a Hill Orc Fighter on Dec 8, 2021.
             Slain by Sigmund (8 damage)
             ... on level 2 of the Dungeon.
             The game lasted 00:00:50 (1036 turns).

ytrimaz the Skirmisher (Hill Orc Fighter)           Turns: 1036, Time: 00:00:50

Health: -4/33      AC:  7    Str: 20    XL:     3   Next: 27%
Magic:  3/3        EV:  9    Int:  8    God:
Gold:   43         SH:  4    Dex: 10    Spells: 2/2 levels left

rFire   . . .      SeeInvis .   a - +0 war axe
rCold   . . .      Faith    .   c - +0 buckler
rNeg    . . .      Spirit   .   b - +0 scale mail
rPois   .          Reflect  .   (no helmet)
rElec   .          Harm     .   (no cloak)
rCorr   .          Rampage  .   (no gloves)
Will    .....                   (no boots)
Stlth   ..........              (no amulet)
HPRegen 0.11/turn               (no ring)
MPRegen 0.08/turn               (no ring)

@: no status effects
A: no striking features
a: no special abilities


You were on level 2 of the Dungeon.
You visited 1 branch of the dungeon, and saw 2 of its levels.

You collected 43 gold pieces.

Inventory:

Hand Weapons
 a - a +0 war axe (weapon)
Armour
 b - a +0 scale mail (worn)
 c - a +0 buckler (worn)
Potions
 d - a potion of might
 e - a potion of mutation {unknown}


   Skills:
 + Level 4.0 Fighting
 + Level 3.3 Axes
 + Level 3.7 Armour
 + Level 3.6 Shields


You had 2 spell levels left.
You didn't know any spells.
Your spell library contained the following spells:

 Spells                   Type           Power      Damage    Failure   Level
 Freeze                   Ice            0%         1d3       77%         1
 Frozen Ramparts          Ice            0%         1d2       98%         3
 Hailstorm                Conj/Ice       0%         3d3       100%        4


Dungeon Overview and Level Annotations

Branches:
Dungeon (2/15)

Altars:

Annotations:
D:2 Sigmund


Message History

You barely miss the rat. The rat bites you but does no damage.
You barely miss the rat. You block the rat's attack.
You slash the rat!
You kill the rat!
No target in view!
No target in view!
No target in view!
No target in view!
No target in view!
No target in view!
No target in view!
HP restored.
You see here a worm corpse.
You now have 43 gold pieces (gained 15).
You open the door.
There is an open door here.
Found 17 stones.
Sigmund the Dreaded comes into view.
He is wielding a +0 scythe.
Sigmund shouts!
Sigmund is nearby!
Sigmund gestures wildly while chanting.
Sigmund flickers and vanishes!
Deactivating autopickup; reactivate with Ctrl-A.
Unknown command.
Okay, then.
Something hits you!
You closely miss something. Something hits you.
You miss something. Something hits you but does no damage.
You closely miss something. Something hits you.
You barely miss something. Something hits you but does no damage.
You closely miss something. Something hits you.
You miss something. Something hits you!
You hit something but do no damage. Something hits you but does no damage.
You miss something.
You hear some strange, mumbled words.
A magic dart appears from out of thin air!
The magic dart hits you!
* * * LOW HITPOINT WARNING * * *
You hit something. Something hits you!
You die...

..#.....####.#.#..#..#
...........#......#
...##........#.#..#
........###...(...#
...###..#.........# ..
#............# .
#.##.#####...# #
#....# ...#
#...####@### ..#
........{# .#
................
#...............
+...............
#...............
#...............
..#.###......... ..+.
#..##.....


There were no monsters in sight!

Vanquished Creatures
  A worm (D:2)
  2 dart slugs (D:1)
  A bat (D:1)
  An endoplasm (D:1)
  2 goblins (D:1)
  2 hobgoblins (D:1)
  3 kobolds (D:1)
  5 quokkas (D:1)
  2 ball pythons (D:1)
  2 frilled lizards (D:1)
  2 rats
23 creatures vanquished.

Notes
Turn   | Place    | Note
-------+----------+-------------------------------------------
     0 | D:1      | ytrimaz the Hill Orc Fighter began the quest for the Orb.
     0 | D:1      | Reached XP level 1. HP: 19/19 MP: 1/1
   120 | D:1      | Reached XP level 2. HP: 27/27 MP: 2/2
   395 | D:1      | Reached skill level 4 in Fighting
   554 | D:1      | Reached XP level 3. HP: 23/33 MP: 3/3
  1019 | D:2      | Noticed Sigmund
  1036 | D:2      | Slain by Sigmund

Illustrated notes

Levels and vault maps discovered:
D:1:      dpeg_arrival_ternary, layout_basic
D:2:      layout_basic, serial_glass, glass_columns_a, glass_columns_a,
          chequers_ecumenical_altar_lobes, basic_altar, uniq_natasha,
          uniq_sigmund

Skill      XL: |  1  2 |
---------------+-------+-----
Axes           | 3 |  3.3
Fighting       | 4 |  4.0
Armour         | |  3.7
Shields        | |  3.6

Action                   || total
-------------------------++-------
Melee: War axe           ||    66
  Use: Scroll            ||     2
Armor: Scale mail        ||    29
Dodge: Dodged            ||    31
Block: Buckler           ||    11

Table legend: (Time is in decaauts)
 A = Elapsed time spent in this place.
 B = Non-inter-level travel time spent in this place.
 C = Inter-level travel time spent in this place.
 D = Time resting spent in this place.
 E = Time spent auto-exploring this place.
 F = Levels seen in this place.
 G = Mean time per level.
                   A        B        C        D        E       F      G
               +--------+--------+--------+--------+--------+-----+--------+
         Total |   1059 |   1032 |     27 |      0 |    854 |   2 |  529.5 |
       Dungeon |   1059 |   1032 |     27 |      0 |    854 |   2 |  529.5 |
               +--------+--------+--------+--------+--------+-----+--------+

Top non-repeatable levels by time:
     D:1: 939 daAuts
     D:2: 119 daAuts
